 Dungeon Crawl Stone Soup version 0.26.1-11-gd32895ea62 (webtiles) character file.

Game seed: 10174806045010302095

420 jlumianski the Caller (level 6, 0/24 HPs)
             Began as a Felid Summoner on May 26, 2021.
             Shot with an arrow by a centaur (9 damage)
             ... on level 6 of the Dungeon.
             The game lasted 00:32:34 (8320 turns).

jlumianski the Caller (Felid Summoner)              Turns: 8320, Time: 00:32:34

Health: 0/24       AC:  6    Str:  4    XL:     6   Next: 62%
Magic:  14/14      EV: 18    Int: 19    God:
Gold:   359        SH:  0    Dex: 22    Spells: 6/15 levels left
                                        Lives:  0   Deaths: 1

rFire    . . .     SeeInvis +   (weapon unavailable)
rCold    . . .     Faith    .   (shield unavailable)
rNeg     . . .     Spirit   .   (armour unavailable)
rPois    .         Reflect  .   (helmet unavailable)
rElec    .         Harm     .   (cloak unavailable)
rCorr    .         Rampage  .   (gloves unavailable)
Will     .....                  (boots unavailable)
Stlth    +++.......             (no amulet)
HPRegen  0.08/turn              g - +4 ring of protection
MPRegen  0.14/turn              l - +6 ring of dexterity

@: quick
A: very small, no armour, no weapons or thrown items, stealth, claws 1, fangs 3,
see invisible, speed 1, shaggy fur 2, sharp paws
a: no special abilities


You were on level 6 of the Dungeon.
You visited 1 branch of the dungeon, and saw 6 of its levels.

You collected 359 gold pieces.

Inventory:

Jewellery
 a - an uncursed amulet of guardian spirit
 g - a +4 ring of protection (left paw)
 l - a +6 ring of dexterity (right paw)
 o - a +6 ring of intelligence
Wands
 p - a wand of random effects (7)
 t - a wand of paralysis (4)
Scrolls
 c - 2 scrolls of identify
 e - a scroll of magic mapping {unknown}
 f - a scroll of enchant armour {unknown}
 i - 3 scrolls of remove curse
 k - a scroll of teleportation {unknown}
 n - a scroll of enchant weapon {unknown}
 r - a scroll of amnesia {unknown}
Potions
 b - a potion of heal wounds
 d - 2 potions of haste
 h - a potion of flight {unknown}
 j - a potion of curing {unknown}
 m - a potion of might
 q - a potion of magic {unknown}
 s - 2 potions of attraction {unknown}


   Skills:
 + Level 2.7 Dodging
 + Level 3.4 Stealth
 + Level 0.2 Unarmed Combat
 + Level 5.1 Spellcasting
 + Level 0.8 Hexes
 + Level 6.8 Summonings


You had 6 spell levels left.
You knew the following spells:

 Your Spells              Type           Power        Failure   Level
a - Summon Small Mammal   Summ           100%         1%          1
b - Call Imp              Summ           31%          1%          2
c - Call Canine Familiar  Summ           31%          2%          3
d - Summon Guardian Gole  Hex/Summ       19%          8%          3

Your spell library contained the following spells:

 Spells                   Type           Power        Failure   Level
 Summon Ice Beast         Ice/Summ       17%          30%         4
 Summon Lightning Spire   Summ/Air       17%          30%         4


Dungeon Overview and Level Annotations

Branches:
Dungeon (6/15)
 Temple: D:4-7

Altars:
Cheibriados
Kikubaaqudgha
Ru


Innate Abilities, Weirdness & Mutations

You cannot wear armour.
You are incapable of wielding weapons or throwing items.
Your paws allow you to move quietly. (Stealth)
You have sharp claws.
You have razor-sharp teeth.
You have supernaturally acute eyesight. (SInv)
You cover ground quickly.
You are covered in thick fur. (AC +2)
Your sharp claws are effective at attacking unaware monsters.


Message History

What level of the Dungeon? (default 1, ? - help)
There is a stone staircase leading down here.
You climb downwards. 2 centaurs come into view.
Found a throwing net and 25 stones.
There is a stone staircase leading up here.
You see here a throwing net.
The centaur shouts!
You hear a shout!
The centaur wields a +0 shortbow.
The centaur shoots an arrow.
The arrow hits you!
You see here an arrow.
An iguana comes into view.
The centaur shoots an arrow.
The arrow hits you!
The iguana hisses angrily.
Things that are here:
an arrow; a throwing net The centaur shouts!
The centaur wields a +0 shortbow.
The centaur shoots an arrow.
The arrow hits you!
You die...

### #.. . # #.#
## .. # #.
#.##.#...
..#.###.#......
c..........#
l......@.#
.......(.#
#.####.c.#
#...# #...#
#.(.# ....#
.#.... .#.###


You could see 2 centaurs and an iguana.

Vanquished Creatures
  An orc wizard (D:5)
  A worker ant (D:4)
  A frilled lizard (D:3)
  A jackal skeleton (D:5)
  A rat (D:2)
5 creatures vanquished.

Vanquished Creatures (collateral kills)
  Menkaure (D:5)
  An ice beast (D:5)
  A phantom (D:4)
  An ogre (D:4)
  A centaur (D:5)
  Blork the orc (D:5)
  A scorpion (D:5)
  2 centaur skeletons
  Ijyb (D:5)
  An iguana (D:5)
  4 worker ants
  Terence (D:2)
  2 orc wizards (D:5)
  A worker ant zombie (D:5)
  6 adders
  11 gnolls
  A shadow imp (D:5)
  An ufetubus (D:5)
  2 oozes (D:3)
  An adder zombie (D:5)
  3 worms
  2 dart slugs
  A leopard gecko (D:2)
  14 orcs
  8 bats
  3 giant cockroaches
  5 goblins
  5 hobgoblins
  6 jackals
  2 quokkas
  10 frilled lizards
  2 jackal skeletons (D:4)
  7 kobolds
  A quokka skeleton (D:4)
  4 rats
114 creatures vanquished.

Vanquished Creatures (others)
  A gnoll sergeant (D:5)
  A jackal zombie (D:5)
  A leopard gecko zombie (D:5)
3 creatures vanquished.

Grand Total: 122 creatures vanquished

Notes
Turn   | Place    | Note
-------+----------+-------------------------------------------
     0 | D:1      | jlumianski the Felid Summoner began the quest for the Orb.
     0 | D:1      | Reached XP level 1. HP: 7/7 MP: 4/4
   565 | D:1      | Reached XP level 2. HP: 11/11 MP: 1/6
   694 | D:1      | Learned a level 2 spell: Call Imp
  1357 | D:2      | Noticed Terence
  1380 | D:2      | Killed Terence
  1455 | D:2      | Reached XP level 3. HP: 14/14 MP: 2/8
  2171 | D:2      | Learned a level 3 spell: Call Canine Familiar
  3087 | D:3      | Noticed a torpor snail
  3127 | D:3      | Reached XP level 4. HP: 18/18 MP: 0/9
  3428 | D:3      | Reached skill level 5 in Summonings
  4016 | D:3      | Noticed a torpor snail
  4077 | D:3      | Found a snail-covered altar of Cheibriados.
  4077 | D:3      | Noticed a torpor snail
  4660 | D:4      | Noticed a phantom
  4703 | D:4      | Killed a phantom
  4704 | D:4      | Reached XP level 5. HP: 21/21 MP: 1/11
  5081 | D:4      | Found an ancient bone altar of Kikubaaqudgha.
  5109 | D:4      | Noticed an ogre
  5115 | D:4      | Killed an ogre
  5389 | D:4      | Gained mutation: You are covered in thick fur. (AC +2)
                  | [Felid growth]
  5389 | D:4      | Reached XP level 6. HP: 24/24 MP: 4/13
  5784 | D:4      | Found a sacrificial altar of Ru.
  5984 | D:5      | Entered Level 5 of the Dungeon
  6001 | D:5      | Reached skill level 6 in Summonings
  6388 | D:5      | Noticed Menkaure
  6418 | D:5      | Killed Menkaure
  6829 | D:5      | Learned a level 3 spell: Summon Guardian Golem
  6933 | D:5      | Shot with an arrow by a centaur
  6934 | D:5      | Reached XP level 5. HP: -4/21 MP: 7/12
  7047 | D:5      | Killed a centaur
  7048 | D:5      | Reached XP level 6. HP: 14/24 MP: 3/14
  7219 | D:5      | Noticed Ijyb
  7281 | D:5      | Killed Ijyb
  7520 | D:5      | Reached skill level 5 in Spellcasting
  7679 | D:5      | Noticed Blork the orc
  7811 | D:5      | Killed Blork the orc
  8056 | D:5      | Noticed an ice beast
  8090 | D:5      | Killed an ice beast
  8320 | D:6      | Shot with an arrow by a centaur

Illustrated notes

Levels and vault maps discovered:
D:1:      minmay_arrival_nine_rooms, layout_loops_ring
D:2:      layout_rooms, uniq_terence
D:3:      layout_basic, cheibriados_altar_2
D:4:      layout_cave_pods, kennysheep_mini, lemuel_doored_altar
D:5:      layout_layer_cave, uniq_ijyb, uniq_menkaure, uniq_blork_the_orc
D:6:      layout_loops_ring, old_standard_altar, lemuel_crystal_altar,
          minivault_10

Skill      XL: |  1  2  3  4  5  6 |
---------------+-------------------+-----
Spellcasting   | 3 4 5 |  5.1
Summonings     | 5 6 |  6.8
Stealth        | 3 |  3.4
Dodging        | |  2.7
Unarmed Combat | |  0.2
Hexes          | |  0.8

Action                   |  1- 3 |  4- 6 || total
-------------------------+-------+-------++-------
Melee: Unarmed           |     7 |    25 ||    32
       Bite              |       |     3 ||     3
 Cast: Summon Small Mamm |    98 |    92 ||   190
       Call Imp          |    28 |    62 ||    90
       Call Canine Famil |       |    32 ||    32
       Summon Guardian G |       |     6 ||     6
  Use: Scroll            |     3 |     2 ||     5
       Potion            |     1 |       ||     1
 Stab: Sleeping          |     1 |     2 ||     3
       Distracted        |       |     1 ||     1
Armor: Skin              |     4 |     7 ||    11
Dodge: Dodged            |    39 |    31 ||    70
